 Dungeon Crawl Stone Soup version 0.30-a0-422-g946f4849ff (webtiles) character file.

Game seed: 4092181689709489918

473 lorenzova the Magician (level 6, -11/32 HPs)
             Began as a Deep Elf Conjurer on Dec 8, 2022.
             Shot with an arrow by a centaur (14 damage)
             ... on level 5 of the Dungeon.
             The game lasted 00:09:05 (6135 turns).

lorenzova the Magician (Deep Elf Conjurer)          Turns: 6135, Time: 00:09:06

Health: -11/32     AC:  2    Str:  4      XL:     6   Next: 84%
Magic:  11/18      EV: 12    Int: 30 (31) God:
Gold:   263        SH:  0    Dex: 13      Spells: 16/19 levels left

rFire   + . .      SeeInvis .    q - staff of poison
rCold   . . .      Faith    .    (no shield)
rNeg    . . .      Spirit   .    a - +0 robe
rPois   +          Reflect  .    (no helmet)
rElec   .          Harm     .    (no cloak)
rCorr   .          Rampage  .    (no gloves)
Will    .....                    (no boots)
Stlth   ++........               k - amulet of regeneration
HPRegen 1.05/turn                j - +6 ring of intelligence
MPRegen 0.16/turn                n - ring of protection from fire

@: no status effects
A: no striking features
a: no special abilities


You were on level 5 of the Dungeon.
You visited 1 branch of the dungeon, and saw 5 of its levels.

You collected 263 gold pieces.

Inventory:

Hand Weapons
 f - a +2 dagger of speed
Armour
 a - a +0 robe (worn)
Magical Staves
 q - a staff of poison (weapon)
Jewellery
 j - a +6 ring of intelligence (left hand)
 k - an amulet of regeneration (around neck)
 n - a ring of protection from fire (right hand)
 o - a ring of protection from cold
Wands
 m - a wand of charming (14)
Scrolls
 d - a scroll of teleportation
 g - a scroll of identify
 l - a scroll of magic mapping
 p - a scroll of poison
Potions
 b - 2 potions of magic
 c - a potion of might
 e - a potion of haste
 h - 3 potions of degeneration
 i - 2 potions of heal wounds


   Skills:
 - Level 2.4 Dodging
 - Level 2.4 Stealth
 + Level 7.3 Spellcasting
 + Level 7.1 Conjurations


You had 16 spell levels left.
You knew the following spells:

 Your Spells              Type           Power      Damage    Failure   Level
a - Magic Dart            Conj           100%       1d8       1%          1
b - Searing Ray           Conj           100%       2d8       1%          2

Your spell library contained the following spells:

 Spells                   Type           Power      Damage    Failure   Level
 Dazzling Flash           Conj/Hex       64%        N/A       3%          3
 Beastly Appendage        Tmut           20%        N/A       4%          1
 Wereblood                Tmut           10%        N/A       7%          2
 Fulminant Prism          Conj/Hex       16%        3d10      11%         4
 Iskenderun's Mystic Bla  Conj/Tloc      32%        2d8       11%         4
 Spider Form              Tmut/Pois      16%        N/A       14%         3


Dungeon Overview and Level Annotations

Branches:
Dungeon (5/15)
 Temple: D:4-7

Altars:
Ru

Shops:
D:3 ?


Message History

Press: ? - help, Shift-Dir - straight line, f - centaur
Aim: a centaur (100% to hit)
The magic dart hits the centaur.
The centaur is lightly wounded.
The centaur wields a +0 shortbow.
The centaur shoots an arrow.
The arrow closely misses you.
The centaur shoots an arrow.
The arrow hits you.
You start resting.
Magic restored.
The centaur shoots an arrow.
The arrow hits you!
Casting: Magic Dart (safe; 1% risk of failure)
Confirm with . or Enter, or press ? or * to list all spells.
Aiming: Searing Ray (safe; 1% risk of failure)
Press: ? - help, Shift-Dir - straight line, f/p - centaur
Aim: a centaur, wielding a +0 shortbow (lightly wounded, 90% to hit)
The searing ray hits the centaur.
The centaur is moderately wounded. (Press . to maintain the ray.)
The centaur shoots an arrow.
The arrow misses you.
The searing ray hits the centaur!
The centaur is heavily wounded.
The centaur shoots an arrow.
The arrow hits you.
The searing ray hits the centaur.
The centaur is severely wounded.
The centaur shoots an arrow.
The arrow hits you!
The searing ray hits the centaur.
The centaur is almost dead.
You finish channelling your searing ray.
The centaur shoots an arrow.
The arrow barely misses you.
The centaur shoots an arrow.
The arrow hits you!
* * * LOW HITPOINT WARNING * * *
Casting: Searing Ray (safe; 1% risk of failure)
Confirm with . or Enter, or press ? or * to list all spells.
Aiming: Searing Ray (safe; 1% risk of failure)
Press: ? - help, Shift-Dir - straight line, f/p - centaur
Aim: a centaur, wielding a +0 shortbow (almost dead, 90% to hit)
The searing ray hits the centaur.
The centaur is almost dead. (Press . to maintain the ray.)
The centaur shoots an arrow.
The arrow hits you!
You die...

####...###.#####.#
..................
####.#..##.##...##
#.(.....# ##.#
#.#....#...#
#.##.#.#...#
#.##.#.#...
#.##.#.##.##
#.##.#@# #.
#......# #.##c###
#.##.# #.##.#
..##.# .....#
....c.# .......


You could see a centaur.

Vanquished Creatures
  An ogre (D:4)
  A quasit (D:4)
  A hound (D:5)
  Terence (D:2)
  2 iguanas
  7 gnolls (D:2)
  6 adders
  3 white imps (D:4)
  An ufetubus (D:5)
  3 worms
  3 dart slugs
  7 orcs (D:3)
  5 ball pythons
  10 endoplasms
  2 giant cockroaches
  5 goblins
  4 hobgoblins
  4 jackals (D:2)
  9 kobolds
  A quokka (D:1)
  5 bats
  6 frilled lizards
  4 rats
91 creatures vanquished.

Notes
Turn   | Place    | Note
-------+----------+-------------------------------------------
     0 | D:1      | lorenzova the Deep Elf Conjurer began the quest for the
                  | Orb.
     0 | D:1      | Reached XP level 1. HP: 10/10 MP: 6/6
   187 | D:1      | Found a faded altar of an unknown god.
   234 | D:1      | Reached XP level 2. HP: 15/15 MP: 0/8
   404 | D:1      | Learned a level 2 spell: Searing Ray
  1239 | D:2      | Reached XP level 3. HP: 19/19 MP: 7/10
  1250 | D:2      | Reached skill level 5 in Conjurations
  1596 | D:2      | Reached XP level 4. HP: 24/24 MP: 8/12
  1722 | D:2      | Reached skill level 5 in Spellcasting
  2194 | D:2      | Noticed Terence
  2297 | D:2      | Killed Terence
  2298 | D:2      | Reached XP level 5. HP: 25/28 MP: 5/15
  3329 | D:3      | Found a sacrificial altar of Ru.
  3744 | D:3      | Found Awaym's Magic Scroll Boutique.
  4984 | D:4      | Reached XP level 6. HP: 32/32 MP: 14/17
  6003 | D:5      | Entered Level 5 of the Dungeon
  6135 | D:5      | Shot with an arrow by a centaur

Illustrated notes

Levels and vault maps discovered:
D:1:      doesnt_arrival_eight_statues, layout_basic, basic_ecumenical_altar
D:2:      layout_basic, st_stairs_9, hex_tiny, uniq_terence
D:3:      layout_basic, nicolae_ru_sacrificial_ziggurat, serial_shops,
          nicolae_shop_statue_plus, bh_walls_and_bars
D:4:      layout_cave_pools, serial_demonic, serial_demonic_d, serial_demonic_e,
          serial_demonic_b, serial_demonic_f, serial_demonic_b,
          serial_demonic_b, serial_demonic_g
D:5:      nicolae_cairo_tiling, layout_basic, kennysheep_generic_room_8,
          uniq_pikel

Skill      XL: |  1  2  3  4  5  6 |
---------------+-------------------+-----
Spellcasting   | 4 5 6 7 |  7.3
Conjurations   | 5 6 7 |  7.1
Dodging        | |  2.4
Stealth        | |  2.4

Action                   |  1- 3 |  4- 6 || total
-------------------------+-------+-------++-------
 Cast: Magic Dart        |    48 |   111 ||   159
       Searing Ray       |     4 |    22 ||    26
  Use: Scroll            |     1 |     5 ||     6
       Potion            |       |     6 ||     6
Armor: Robe              |     2 |     2 ||     4
Dodge: Dodged            |     5 |    16 ||    21

Table legend: (Time is in decaauts)
 A = Elapsed time spent in this place.
 B = Non-inter-level travel time spent in this place.
 C = Inter-level travel time spent in this place.
 D = Time resting spent in this place.
 E = Time spent auto-exploring this place.
 F = Levels seen in this place.
 G = Mean time per level.
                   A        B        C        D        E       F      G
               +--------+--------+--------+--------+--------+-----+--------+
         Total |   6136 |   5951 |    185 |   2793 |   2578 |   5 | 1227.2 |
       Dungeon |   6136 |   5951 |    185 |   2793 |   2578 |   5 | 1227.2 |
               +--------+--------+--------+--------+--------+-----+--------+

Top non-repeatable levels by time:
     D:3: 1896 daAuts
     D:2: 1647 daAuts
     D:4: 1275 daAuts
     D:1: 1186 daAuts
     D:5: 131 daAuts
